 Dungeon Crawl Stone Soup version 0.22-b1-21-g5cfc168 (webtiles) character file.

58 Lew the Grave Robber (level 3, 0/24 HPs)
             Began as a Demonspawn Necromancer on Aug 6, 2018.
             Succumbed to an adder's poison
             ... on level 2 of the Dungeon.
             The game lasted 00:23:38 (1811 turns).

Lew the Grave Robber (Demonspawn Necromancer)       Turns: 1811, Time: 00:23:39

Health: 0/24       AC:  2    Str:  8    XL:     3   Next: 75%
Magic:  2/6        EV: 13    Int: 15    God:
Gold:   19         SH:  0    Dex: 15    Spells: 4/6 levels left

rFire    . . .     SeeInvis .   f - +2 mace (crush)
rCold    . . .     Gourm    .   (no shield)
rNeg     . . .     Faith    .   e - +0 robe
rPois    .         Spirit   .   (no helmet)
rElec    .         Reflect  .   (no cloak)
rCorr    .         Harm     .   (no gloves)
MR       +....                  (no boots)
Stlth    ++........             (no amulet)
HPRegen  0.08/turn              (no ring)
MPRegen  0.10/turn              (no ring)

@: lethally poisoned (0 -> -2)
A: hooves 1, thin skeletal structure 1, dopey 1, magic resistance 1, MP-powered
wands
a: no special abilities


You were on level 2 of the Dungeon.
You were not hungry.

You visited 1 branch of the dungeon, and saw 2 of its levels.

You collected 19 gold pieces.

Inventory:

Hand Weapons
 b - a +2 dagger of draining
 f - a +2 mace of crushing (weapon)
Missiles
 d - 109 stones (quivered)
Armour
 e - a +0 robe (worn)
Scrolls
 h - a scroll of identify
 j - a scroll of immolation
Comestibles
 a - 2 chunks of flesh
 c - 2 rations


   Skills:
 * Level 2.3 Dodging
 * Level 2.1 Stealth
 - Level 2.4 Spellcasting
 * Level 5.1 Necromancy


You had 4 spell levels left.
You knew the following spells:

 Your Spells              Type           Power        Failure   Level  Hunger
a - Pain                  Necr           ###.         2%          1    #......
b - Animate Skeleton      Necr           N/A          2%          1    #......

Your spell library contained the following spells:

 Spells                   Type           Power        Failure   Level  Hunger
 Animate Dead             Necr           N/A          26%         4    #####..
 Vampiric Draining        Necr           ###.......   8%          3    ###....
 Regeneration             Chrm/Necr      #.........   22%         3    ###....


Dungeon Overview and Level Annotations

Branches:
Dungeon (2/15)

Altars:
Nemelex Xobeh


Innate Abilities, Weirdness & Mutations

You have large cloven feet.
You have a somewhat thin skeletal structure. (Dex +2, Stealth)
You are dopey. (Int -2)
You are resistant to hostile enchantments. (MR+)
You expend magic power (3 MP) to strengthen your wands.


Message History

You feel sick. The adder closely misses you.
You sock the adder!
You kill the adder!
* * * LOW HITPOINT WARNING * * *
You feel sick.
A jackal comes into view.
Casting: Pain (safe; 2% risk of failure)
Confirm with . or Enter, or press ? or * to list all spells.
You don't know that spell.
Unknown command.
* * * LOW HITPOINT WARNING * * *
You feel sick.
* * * LOW HITPOINT WARNING * * *
You feel sick.
There is a lethal amount of poison in your body!
There is a lethal amount of poison in your body!
You eat one of the 3 rations.
That ration really hit the spot!
* * * LOW HITPOINT WARNING * * *
You feel sick.
You die...

#.### ####..###
...# #.......#
#.######...h...#
#............?.#
#..####........#
#...#..........#
#...#.##.......#
##..#.##.......#
#.###..#@########.#
#......#.# #
######.#.# #)#.#
###########.#.#
#.....##....#.#
#.....##.####.#
#>....##.#..#.#
#.....##......#


There were no monsters in sight!

Vanquished Creatures
  3 adders (D:2)
  2 leopard geckos
  A giant cockroach (D:1)
  5 goblins
  3 hobgoblins
  4 jackals
  A kobold (D:1)
  A ball python (D:1)
  3 bats (D:1)
  4 rats
27 creatures vanquished.

Vanquished Creatures (collateral kills)
  A hobgoblin (D:1)
  A kobold (D:1)
  2 rats
4 creatures vanquished.

Grand Total: 31 creatures vanquished

Notes
Turn   | Place    | Note
-------+----------+-------------------------------------------
     0 | D:1      | Lew the Demonspawn Necromancer began the quest for the Orb.
     0 | D:1      | Reached XP level 1. HP: 13/13 MP: 3/3
    12 | D:1      | Learned a level 1 spell: Animate Skeleton
   405 | D:1      | Gained mutation: You have a somewhat thin skeletal structure. (Dex +2, Stealth) [demonic ancestry]
   405 | D:1      | Reached XP level 2. HP: 14/19 MP: 0/5
   786 | D:1      | Gained mutation: You expend magic power (3 MP) to strengthen your wands. [potion of mutation]
   786 | D:1      | Gained mutation: You are dopey. (Int -2) [potion of mutation]
   786 | D:1      | Gained mutation: You are resistant to hostile enchantments. (MR+) [potion of mutation]
  1405 | D:1      | Found a sparkling altar of Nemelex Xobeh.
  1732 | D:2      | Gained mutation: You have large cloven feet. [demonic ancestry]
  1732 | D:2      | Reached XP level 3. HP: 22/24 MP: 2/6
  1796 | D:2      | Reached skill level 5 in Necromancy
  1807 | D:2      | HP: 1/24 [poisoned by an adder]
  1811 | D:2      | Succumbed to an adder's poison

Skill      XL: |  1  2  3 |
---------------+----------+-----
Dodging        | 2 |  2.3
Stealth        | 2 |  2.1
Necromancy     | 5 |  5.1
Spellcasting   | |  2.4

Action                   || total
-------------------------++-------
Melee: Short sword       ||     5
       Mace              ||    10
Throw: Stone             ||     6
 Cast: Pain              ||    45
       Animate Skeleton  ||    13
  Use: Scroll            ||     3
       Potion            ||     2
 Stab: Sleeping          ||     1
  Eat: Ration            ||     2
Armor: Robe              ||    16
Dodge: Dodged            ||    47
